AoeStats
← LookBehindYou!

Fortress

510610216Analyzed
1v1 RM · 2d ago on Oct 1, 2026· 49m 35s· 2 players
Game mode
Random Map
Map size
Small (3 player)
Population
200
Speed
Normal
Resources
Standard
Victory
Conquest
Starting age
Dark Age
Ending age
Imperial Age
RankedLock teamsTeams togetherTeam positionsShared explorationLock speedFull tech treeHidden civsTurbo modeCheats
Victory
Defeat
🇧🇪 Slavs · Belgium
847
+18
🇺🇸 Vietnamese · United States
897
-18
LookBehindYou!
7:41 Feudal Age
7:28 Loom
8:08 Double-Bit Axe
8:09 Horse Collar
8:22 Gold Mining
13:21 Castle Age
12:27 Fletching
12:41 Padded Archer Armor
13:41 Town Watch
14:37 Bow Saw
14:23 Stone Mining
16:09 Bodkin Arrow
20:29 Ballistics
21:18 Leather Archer Armor
25:32 Wheelbarrow
26:39 Thumb Ring
26:54 Town Patrol
29:15 Hand Cart
32:24 Imperial Age
29:57 Heavy Plow
30:51 Bloodlines
30:45 Husbandry
31:05 Devotion
34:16 Chemistry
33:23 Bracer
33:54 Ring Archer Armor
35:56 Two-Man Saw
35:56 Crop Rotation
36:45 Paper Money
36:36 Elite Rattan Archer
38:12 Forging
38:08 Scale Barding Armor
39:17 Elite Battle Elephant
40:20 Chatras
41:17 Faith
41:42 Murder Holes
42:59 Elite Skirmisher
44:27 Murder Holes
44:34 Imperial Skirmisher
King_Ruben
7:14 Feudal Age
8:14 Double-Bit Axe
12:21 Horse Collar
15:14 Castle Age
16:10 Stone Mining
16:12 Loom
16:48 Gold Mining
17:01 Husbandry
17:13 Bloodlines
17:32 Forging
18:34 Wheelbarrow
20:54 Hand Cart
20:54 Town Watch
22:22 Detinets
22:49 Bow Saw
24:07 Gold Shaft Mining
24:25 Fletching
24:43 Scale Barding Armor
24:08 Elite Skirmisher
26:09 Ballistics
26:17 Chain Barding Armor
27:36 Iron Casting
28:55 Masonry
32:15 Murder Holes
33:07 Fortified Wall
36:37 Imperial Age
34:59 Herbal Medicine
35:10 Town Patrol
36:09 Bodkin Arrow
37:41 Conscription
36:42 Elite Boyar
38:01 Hoardings
38:35 Blast Furnace
38:21 Heavy Scorpion
39:36 Heavy Plow
40:30 Plate Barding Armor
43:59 Siege Engineers
44:56 Chemistry
Connection lost

Rejoining the realm…

Still unreachable

The connection could not be restored.

Session expired

The server has moved on; the page needs a fresh start.